AoeStats
← SanchoPanza

MegaRandom

509721859Analyzed
2v2 RM · 5d ago on Sep 27, 2026· 34m 16s· 4 players
Game mode
Random Map
Map size
Medium (4 player)
Population
200
Speed
Normal
Resources
Standard
Victory
Conquest
Starting age
Dark Age
Ending age
Imperial Age
RankedLock teamsTeams togetherTeam positionsShared explorationLock speedFull tech treeHidden civsTurbo modeCheats
Victory
Defeat
🇺🇸 Varangians · United States
613
+14
🇺🇸 Franks · United States
600
+15
🇪🇸 Saracens · Spain
577
-15
🇪🇸 Berbers · Spain
571
-14
Motopapi
14:58 Feudal Age
15:24 Horse Collar
16:29 Wheelbarrow
15:45 Double-Bit Axe
17:56 Loom
22:39 Stone Mining
22:41 Gold Mining
27:51 Castle Age
26:07 Forging
26:02 Scale Barding Armor
25:48 Fletching
25:58 Padded Archer Armor
29:07 Hand Cart
29:36 Gold Shaft Mining
29:06 Heavy Plow
31:29 Thumb Ring
31:41 Town Watch
32:32 Husbandry
32:42 Bloodlines
32:51 Town Patrol
SanchoPanza
3:19 Loom
12:44 Feudal Age
14:06 Wheelbarrow
13:20 Horse Collar
15:42 Double-Bit Axe
16:20 Fishing Lines
17:07 Stone Mining
17:08 Gold Mining
23:33 Castle Age
24:38 Hand Cart
32:38 Imperial Age
30:16 Husbandry
30:37 Fortified Wall
30:23 Murder Holes
30:38 Masonry
30:41 Pikeman
31:22 Squires
Kenshin Brown
10:23 Feudal Age
13:32 Double-Bit Axe
14:30 Wheelbarrow
15:18 Forging
15:21 Fletching
15:35 Padded Archer Armor
18:20 Castle Age
19:42 Medium Warships
21:04 Horse Collar
25:52 Bodkin Arrow
31:51 Ballistics
EL Loodo
14:06 Feudal Age
15:27 Fishing Lines
17:49 Double-Bit Axe
17:41 Man-at-Arms
18:09 Arson
20:31 Wheelbarrow
19:45 Loom
25:17 Castle Age
24:12 Scale Mail Armor
24:23 Forging
24:19 Scale Barding Armor
26:28 Bow Saw
26:45 Long Swordsman
27:11 Gambesons
27:28 Squires
28:59 Hand Cart
29:30 Gillnets
32:42 Imperial Age
32:05 Chain Barding Armor
32:02 Chain Mail Armor
32:44 Two-Handed Swordsman
33:58 Champion
34:36 Gold Mining
Connection lost

Rejoining the realm…

Still unreachable

The connection could not be restored.

Session expired

The server has moved on; the page needs a fresh start.